Jordi, neutral male human Wizard ---.--- ------------- |.....-#####|...........| # |.....| #|............ ### ------------ |......# #|...........| # |..........| |.....|# #|...........| ### |...........# |.....|# #|...........| # |..........|# ----.--# #|...........| ### |..........|# # #-.---------.- # # --+-|-------# # #########@q###################### ### # # ### # # -----.- # # # # #######......| ## ### ### ## |.....|##### ### # # -----.- |......####------.-.-- ###----- ##......| . |....>|# #..........| #-)... |.....| |. |.....| |.........| |...| |>..... |. ------- |.........| ...<| ------- +. ----------- ----- --- Jordi the Conjurer Experience level: 5 Strength: 7 Dexterity: 15 Constitution: 12 Intelligence: 15 Wisdom: 10 Charisma: 12 Health: 0(35) Energy: 48(48) AC: 9 Gold: 359 Moves: 1898 Your Inventory: Coins $ - 359 gold pieces Weapons a - a blessed +1 quarterstaff (weapon in hands) Armor b - an uncursed +0 cloak of magic resistance (being worn) Scrolls i - an uncursed scroll of food detection j - an uncursed scroll of enchant armor k - 3 uncursed scrolls of light q - an [uncursed] scroll labeled FNORD [of identify] Spellbooks l - a blessed spellbook of force bolt m - an uncursed spellbook of knock Potions f - 2 uncursed potions of extra healing g - an uncursed potion of confusion h - an uncursed potion of booze y - an [uncursed] milky potion [of fruit juice] Rings d - an uncursed ring of see invisible (on right hand) e - an uncursed ring of teleport control (on left hand) Wands c - an uncursed wand of striking (0:4) v - an [uncursed] iridium wand [of cancellation (0:4)] x - an [uncursed] titanium wand [of digging (0:5)] Tools n - an uncursed blindfold o - a [cursed magic] lamp Gems w - an [uncursed] blue gem [worthless glass] Spells known in the end: Name Level Category Fail Memory a - force bolt 1 attack 0% [||||||||] b - knock 1 matter 0% [||||||||] Your skills at the end: Fighting Skills Weapon Skills quarterstaff [Basic / Expert] Spellcasting Skills attack spells [Basic / Expert] enchantment spells [Basic / Skilled] Final Attributes: You were devoutly aligned. Hunger level was 718. Your alignment was 16 / 19. Monster difficulty range was 0 - 4. Level difficulty was 4. You were magic-protected. You saw invisible. You had teleport control. Your luck was zero. You are dead. Vanquished creatures: a leprechaun a giant ant 2 rothes an iguana a hobbit 3 giant rats 4 cave spiders a green mold 2 gnome zombies 4 geckos 6 jackals 2 kobolds a goblin 2 sewer rats 5 grid bugs 3 lichens 39 creatures vanquished. Voluntary challenges: You used a wielded weapon 30 times. You read items or engraved 3 times. You put on armor 1 time. You never genocided any monsters. You never polymorphed an object. You never changed form. You used no wishes. You never wrote Elbereth's name. You never encountered a bones level. You never used any Sokoban shortcuts. Dungeon overview: The Dungeons of Doom: levels 1 to 4 Level 1 some fountains a long staircase Level 2 an armor shop Level 4 <- You were here stairs to The Gnomish Mines The Gnomish Mines: Level 5 stairs to The Dungeons of Doom History has recorded: On T:1 you entered the Dungeons of Doom to retrieve the Amulet of Yendor! On T:423 you reached level 2 of The Dungeons of Doom. On T:481 you advanced to experience level 2. On T:939 you advanced to experience level 3. On T:1102 you advanced to experience level 4. On T:1130 you reached level 3 of The Dungeons of Doom. On T:1435 you advanced to experience level 5. On T:1565 you reached level 4 of The Dungeons of Doom. On T:1866 you reached level 1 of The Gnomish Mines. Latest messages: [HP-8=27] You hit the rothe. The rothe hits! The rothe bites! (2x) [HP-8=19] You miss the rothe. You hit the rothe. The rothe hits! The rothe bites! (2x) [HP-5=14] You miss the rothe. The rothe hits! The rothe bites! (2x) [HP-5=9] You miss the rothe. The rothe hits! The rothe bites! (2x) [HP-7=2] You hit the rothe. You hit the rothe! The rothe hits! You die... Final status: Goodbye Jordi the Wizard... You died in The Dungeons of Doom on dungeon level 4 with 1418 points, and 359 pieces of gold, after 1898 moves. You were level 5 with a maximum of 35 hit points when you died.